 Dungeon Crawl Stone Soup version 0.28.0-1-gb440e238dd (webtiles) character file.

Game seed: 82323970805070103

39 themarg the Magician (level 3, 0/31 HPs)
             Began as a Gnoll Wanderer on Feb 23, 2022.
             Was a Follower of Jiyva.
             Slain by a goblin (2 damage)
             ... led by Robin
             ... on level 2 of the Dungeon.
             The game lasted 00:04:37 (928 turns).

themarg the Magician (Gnoll Wanderer)                Turns: 928, Time: 00:04:38

Health: 0/31       AC:  3    Str: 12    XL:     3   Next: 47%
Magic:  9/9        EV: 12    Int:  9    God:    Jiyva [*.....]
Gold:   30         SH:  0    Dex: 14    Spells: 11/12 levels left

rFire   . . .      SeeInvis .   a - +2 spear
rCold   . . .      Faith    .   (no shield)
rNeg    . . .      Spirit   .   c - +0 leather armour
rPois   .          Reflect  .   (no helmet)
rElec   .          Harm     .   (no cloak)
rCorr   .          Rampage  .   (no gloves)
Will    .....                   (no boots)
Stlth   +.........              (no amulet)
HPRegen 0.90/turn               (no ring)
MPRegen 0.36/turn               (no ring)

@: no status effects
A: fangs 1, strong nose, distributed training
a: Renounce Religion


You were on level 2 of the Dungeon.
You worshipped Jiyva.
Jiyva was aware of your devotion.
You visited 1 branch of the dungeon, and saw 2 of its levels.

You collected 30 gold pieces.

Inventory:

Hand Weapons
 a - a +2 spear (weapon)
 n - a +1 arbalest of flaming
Missiles
 m - 2 javelins
Armour
 c - a +0 leather armour (worn)
Scrolls
 d - 4 scrolls of identify {unknown}
 e - a scroll of enchant weapon {unknown}
 g - 3 scrolls of teleportation {unknown}
 i - a scroll of acquirement {unknown}
 j - a scroll of fog {unknown}
 o - a scroll of amnesia {unknown}
Potions
 f - a potion of brilliance {unknown}
 h - 4 potions of curing {unknown}
 k - 2 potions of flight {unknown}
 l - a potion of lignification {unknown}
Miscellaneous
 b - a piece from Xom's chessboard (15/15)


   Skills:
 + Level 4.5 Fighting
 + Level 0.8 Short Blades
 + Level 0.8 Long Blades
 + Level 0.8 Axes
 + Level 0.8 Maces & Flails
 + Level 4.5 Polearms
 + Level 0.8 Staves
 + Level 0.8 Slings
 + Level 0.8 Bows
 + Level 0.8 Crossbows
 + Level 2.6 Throwing
 + Level 0.8 Armour
 + Level 2.6 Dodging
 + Level 0.8 Stealth
 + Level 0.8 Shields
 + Level 0.8 Unarmed Combat
 + Level 5.0 Spellcasting
 + Level 0.5 Conjurations
 + Level 0.5 Hexes
 + Level 0.5 Summonings
 + Level 0.5 Necromancy
 + Level 0.5 Translocations
 + Level 0.5 Transmutations
 + Level 0.5 Fire Magic
 + Level 0.5 Ice Magic
 + Level 0.5 Air Magic
 + Level 0.5 Earth Magic
 + Level 2.1 Poison Magic
 + Level 1.0 Invocations
 + Level 2.6 Evocations


You had 11 spell levels left.
You knew the following spells:

 Your Spells              Type           Power      Damage    Failure   Level
a - Sting                 Tmut/Pois      16%        1d3       19%         1

Your spell library contained the following spells:

 Spells                   Type           Power      Damage    Failure   Level
 Mephitic Cloud           Conj/Pois/Air  4%         N/A       52%         3


Dungeon Overview and Level Annotations

Branches:
Dungeon (2/15)

Altars:
Jiyva

Shops:
D:1 *


Innate Abilities, Weirdness & Mutations

You have very sharp teeth.
Your uncanny sense of smell can sniff out nearby items.
Your experience applies equally to all skills.


Message History

* * * LOW HITPOINT WARNING * * *
The goblin closely misses you.
You hit the goblin.
You kill the goblin!
The goblin barely misses you. The hobgoblin barely misses you.
The goblin hits you with a +0 club.
* * * LOW HITPOINT WARNING * * *
A goblin comes into view. It is wielding a +0 club.
The goblin hits you with a +0 dagger.
* * * LOW HITPOINT WARNING * * *
You hit the hobgoblin.
The hobgoblin is lightly wounded.
The goblin no longer looks unusually strong. x2
The hobgoblin misses you. The goblin closely misses you.
The hobgoblin closely misses you. The goblin hits you with a +0 club.
* * * LOW HITPOINT WARNING * * *
The goblin hits you with a +0 dagger.
* * * LOW HITPOINT WARNING * * *
You hit the hobgoblin.
You bite the hobgoblin, but do no damage.
The hobgoblin is moderately wounded.
The hobgoblin barely misses you. The goblin closely misses you.
The hobgoblin barely misses you. The goblin hits you with a +0 club.
* * * LOW HITPOINT WARNING * * *
You closely miss the hobgoblin.
The hobgoblin is moderately wounded.
The goblin no longer looks unusually strong.
The goblin hits you but does no damage.
Something hits the endoplasm but does no damage.
You hear a slurping noise.
The endoplasm freezes something.
The hobgoblin hits you but does no damage.
The goblin hits you but does no damage. The hobgoblin hits you.
* * * LOW HITPOINT WARNING * * *
The goblin hits you but does no damage.
You barely miss the hobgoblin.
You bite the hobgoblin, but do no damage.
The hobgoblin is moderately wounded.
The goblin hits you with a +0 dagger.
You die...

... #................#
.##................#
...................#
...................#
.....†.............#
...................########
....................).....#
..........ggg......######.#
##.......gg@gg.....#
#.......J#####.####
#........∆.!.#.#
#.......g....#.#
....##.......#.# ....
#g#....##.# ... #g#....##.#
. #g#.[..##.# g. #####


You could see 2 hobgoblins, 5 goblins and a neutral endoplasm (wandering)(fellow
slime).

Vanquished Creatures
  Robin (D:2)
  3 dart slugs (D:1)
  2 endoplasms (D:1)
  A giant cockroach (D:1)
  4 goblins (D:2)
  A hobgoblin (D:1)
  2 kobolds (D:1)
  2 quokkas (D:1)
  A ball python (D:1)
  A bat (D:1)
  5 frilled lizards
  2 rats (D:1)
25 creatures vanquished.

Vanquished Creatures (others)
  A goblin (D:2)
1 creature vanquished.

Grand Total: 26 creatures vanquished

Notes
Turn   | Place    | Note
-------+----------+-------------------------------------------
     0 | D:1      | themarg the Gnoll Wanderer began the quest for the Orb.
     0 | D:1      | themarg set off with the following items: a +2 spear, a
                  | piece from Xom's chessboard (15/15), a +0 leather armour;
                  | and the following spell memorised: Sting; and the following
                  | spells available to memorise: Mephitic Cloud
     0 | D:1      | Reached XP level 1. HP: 20/20 MP: 6/6
   218 | D:1      | Reached XP level 2. HP: 25/26 MP: 7/7
   242 | D:1      | Found Zuolegg's Assorted Antiques.
   583 | D:1      | Found a faded altar of an unknown god.
   588 | D:1      | Prayed at the altar of an unknown god.
   588 | D:1      | Became a worshipper of Jiyva Jyirad the Shapeless
   588 | D:1      | Reached * piety under Jiyva
   614 | D:1      | Reached XP level 3. HP: 31/31 MP: 9/9
   858 | D:2      | Reached skill level 5 in Spellcasting
   903 | D:2      | Noticed Robin
   920 | D:2      | Killed Robin
   921 | D:2      | Reached skill level 1 in Invocations
   928 | D:2      | Slain by a goblin

Illustrated notes

Levels and vault maps discovered:
D:1:      dpeg_arrival_three_bigger_balls, layout_loops_ring,
          basic_ecumenical_altar, serial_shops, shop, minmay_tetromino_l2
D:2:      layout_basic, uniq_robin

Skill      XL: |  1  2  3 |
---------------+----------+-----
Poison Magic   | 2 |  2.1
Spellcasting   | 5 |  5.0
Invocations    | 1 |  1.0
Fighting       | |  4.5
Short Blades   | |  0.8
Long Blades    | |  0.8
Axes           | |  0.8
Maces & Flails | |  0.8
Polearms       | |  4.5
Staves         | |  0.8
Slings         | |  0.8
Bows           | |  0.8
Crossbows      | |  0.8
Throwing       | |  2.6
Armour         | |  0.8
Dodging        | |  2.6
Stealth        | |  0.8
Shields        | |  0.8
Unarmed Combat | |  0.8
Conjurations   | |  0.5
Hexes          | |  0.5
Summonings     | |  0.5
Necromancy     | |  0.5
Translocations | |  0.5
Transmutations | |  0.5
Fire Magic     | |  0.5
Ice Magic      | |  0.5
Air Magic      | |  0.5
Earth Magic    | |  0.5
Evocations     | |  2.6

Action                   || total
-------------------------++-------
Melee: Spear             ||    69
       Bite              ||     7
 Stab: Sleeping          ||     3
Armor: Leather armour    ||    23
Dodge: Dodged            ||    47
